 Dungeon Crawl Stone Soup version 0.30-a0-414-gcb316572d5 (webtiles) character file.

Game seed: 16089381201037861377

800 p00ps00p the Chopper (level 7, -4/94 HPs)
             Began as a Hill Orc Fighter on Dec 8, 2022.
             Slain by a hornet zombie (6 damage)
             ... in an ossuary.
             The game lasted 00:05:33 (2775 turns).

p00ps00p the Chopper (Hill Orc Fighter)             Turns: 2775, Time: 00:05:34

Health: -4/94      AC: 23    Str: 21    XL:     7   Next: 90%
Magic:  7/7        EV:  2    Int:  8    God:
Gold:   384        SH:  5    Dex: 10    Spells: 6/6 levels left

rFire   . . .      SeeInvis .    a - +1 war axe
rCold   . . .      Faith    .    c - +0 buckler
rNeg    . . .      Spirit   .    (body armour currently unavailable)
rPois   +          Reflect  .    (helmet currently unavailable)
rElec   .          Harm     .    (cloak currently unavailable)
rCorr   .          Rampage  .    (gloves currently unavailable)
Will    .....      NoTele   +    (boots currently unavailable)
Stlth   +.........               (no amulet)
HPRegen 0.35/turn                p - +4 ring of evasion
MPRegen 0.10/turn                (no ring)

@: tree-form
A: stationary, stasis, torment immunity, boosted hp
a: no special abilities


You were in an ossuary.
You were a tree.
You visited 1 branch of the dungeon, and saw 5 of its levels.
You also visited: Ossuary.

You collected 384 gold pieces.

Inventory:

Hand Weapons
 a - a +1 war axe (weapon)
Missiles
 n - a throwing net (quivered)
Armour
 c - a +0 buckler (worn)
 g - a +0 pair of boots (melded)
 h - a +2 chain mail (melded)
 q - a +2 helmet (melded)
Jewellery
 p - a +4 ring of evasion (left branch)
Wands
 r - a wand of digging (3)
Scrolls
 f - a scroll of silence
 i - 3 scrolls of torment
 l - 2 scrolls of teleportation
Potions
 b - a potion of invisibility {unknown}
 d - 2 potions of might
 e - 2 potions of attraction
 m - a potion of heal wounds {unknown}
 o - a potion of brilliance
 u - a potion of lignification
 v - a potion of haste {unknown}


   Skills:
 + Level 6.2 Fighting
 + Level 6.2 Axes
 + Level 5.6 Armour
 + Level 5.7 Shields


You had 6 spell levels left.
You didn't know any spells.
Your spell library contained the following spells:

 Spells                   Type           Power      Damage    Failure   Level
 Blink                    Tloc           0%         N/A       63%         2
 Ensorcelled Hibernation  Hex/Ice        0%         N/A       63%         2
 Passwall                 Tmut/Erth      0%         N/A       63%         2
 Swiftness                Air            0%         N/A       86%         3
 Manifold Assault         Tloc           0%         N/A       99%         4
 Storm Form               Tmut/Air       0%         N/A       100%        7


Dungeon Overview and Level Annotations

Branches:
Dungeon (5/15)            Ossuary (1/1)
 Temple: D:4-7

Altars:
Kikubaaqudgha
Makhleb
Vehumet
Xom


Message History

You are too injured to fight recklessly!
You are too injured to fight recklessly!
You are too injured to fight recklessly!
You are too injured to fight recklessly!
You are too injured to fight recklessly!
You are too injured to fight recklessly!
You are too injured to fight recklessly!
You are too injured to fight recklessly!
You are too injured to fight recklessly!
Unknown command.
You are too injured to fight recklessly!
Unknown command.
You are too injured to fight recklessly!
Unknown command.
You are too injured to fight recklessly!
You barely miss the hornet zombie.
The hornet zombie is lightly damaged.
You slash the mummy! You block the hornet zombie's attack.
The mummy closely misses you. The hornet zombie hits you!
* * * LOW HITPOINT WARNING * * *
You barely miss the hornet zombie.
The hornet zombie is lightly damaged.
The hornet zombie hits you but does no damage.
You slash the hornet zombie!
The hornet zombie is moderately damaged.
The hornet zombie hits you!
* * * LOW HITPOINT WARNING * * *
The hornet zombie hits you.
* * * LOW HITPOINT WARNING * * *
Unknown command.
It was a potion of lignification.
You turn into a tree.
Your +2 helmet melds into your body.
Your +0 pair of boots melds into your body.
Your +2 chain mail melds into your body.
Your roots penetrate the ground.
You block the hornet zombie's attack.
You slash the hornet zombie!
The hornet zombie is severely damaged.
The hornet zombie hits you.
You die...

##### #..∩#
#.∩.# #.♣.#
##Z##
#.~.~MM~......
#~≈.~.#+#+#+#+
#≈#.~P # #~~~
####


You could see a mummy, a bog mummy and a hornet zombie.

Vanquished Creatures
  Sigmund (D:5)
  An ice beast (D:5)
  2 phantoms (D:5)
  A necrophage (D:4)
  An orc priest (D:5)
  2 jellies
  2 hounds
  An orc wizard (D:5)
  5 adders
  An ufetubus (D:4)
  2 worms (D:2)
  4 dart slugs
  8 orcs
  4 ball pythons
  10 bats
  2 endoplasms (D:4)
  7 giant cockroaches
  7 goblins
  7 hobgoblins
  12 jackals
  2 quokkas (D:4)
  2 frilled lizards
  A goblin zombie (D:5)
  6 kobolds
  9 rats
  A rat zombie (D:5)
101 creatures vanquished.

Vanquished Creatures (others)
  5 withered plants (Ossuary)
5 creatures vanquished.

Grand Total: 106 creatures vanquished

Notes
Turn   | Place    | Note
-------+----------+-------------------------------------------
     0 | D:1      | p00ps00p the Hill Orc Fighter began the quest for the Orb.
     0 | D:1      | Reached XP level 1. HP: 19/19 MP: 1/1
    98 | D:1      | Reached XP level 2. HP: 27/27 MP: 2/2
   361 | D:1      | Reached XP level 3. HP: 33/33 MP: 3/3
   976 | D:2      | Reached XP level 4. HP: 40/40 MP: 4/4
  1734 | D:3      | Reached XP level 5. HP: 47/47 MP: 5/5
  1780 | D:3      | Found a radiant altar of Vehumet.
  1953 | D:4      | Found an ancient bone altar of Kikubaaqudgha.
  2058 | D:4      | Reached XP level 6. HP: 55/55 MP: 6/6
  2161 | D:4      | Found a burning altar of Makhleb.
  2197 | D:4      | Reached skill level 5 in Fighting
  2390 | D:4      | Found a shimmering altar of Xom.
  2501 | D:5      | Entered Level 5 of the Dungeon
  2510 | D:5      | Noticed an ice beast
  2522 | D:5      | Reached skill level 5 in Axes
  2526 | D:5      | Reached skill level 5 in Shields
  2527 | D:5      | Killed an ice beast
  2528 | D:5      | Reached skill level 5 in Armour
  2528 | D:5      | Reached XP level 7. HP: 37/61 MP: 7/7
  2623 | D:5      | Noticed Sigmund
  2641 | D:5      | Killed Sigmund
  2720 | D:5      | Found a sand-covered staircase.
  2729 | Ossuary  | Entered an ossuary
  2773 | Ossuary  | HP: 1/63 [hornet zombie (4)]
  2775 | Ossuary  | Slain by a hornet zombie

Illustrated notes

Levels and vault maps discovered:
D:1:      tarquinn_simple_flora_water_d, layout_basic
D:2:      layout_rooms, minmay_hexomino_c4
D:3:      layout_rooms, nicolae_vehumet_altar_sigil
D:4:      layout_rooms, mainiacjoe_overflow_concentric_impassable,
          bloody_makhleb, lemuel_coloured_pillars_altar, grunt_ministairs_2,
          minmay_fractal_squares_5
D:5:      layout_gridville, enter_ossuary_4, uniq_sigmund
Ossuary:  ossuary_zaba_flooded

Skill      XL: |  1  2  3  4  5  6  7 |
---------------+----------------------+-----
Axes           | 3 4 5 6 |  6.2
Fighting       | 4 5 6 |  6.2
Shields        | 4 5 |  5.7
Armour         | 4 5 |  5.6

Action                   |  1- 3 |  4- 6 |  7- 9 || total
-------------------------+-------+-------+-------++-------
Melee: War axe           |   120 |   150 |    52 ||   322
  Use: Scroll            |     4 |     9 |     3 ||    16
       Potion            |       |       |     5 ||     5
Armor: Scale mail        |    58 |       |       ||    58
       Chain mail        |    48 |   117 |    62 ||   227
Dodge: Dodged            |    80 |   105 |    48 ||   233
Block: Buckler           |    39 |    47 |    20 ||   106

Table legend: (Time is in decaauts)
 A = Elapsed time spent in this place.
 B = Non-inter-level travel time spent in this place.
 C = Inter-level travel time spent in this place.
 D = Time resting spent in this place.
 E = Time spent auto-exploring this place.
 F = Levels seen in this place.
 G = Mean time per level.
                   A        B        C        D        E       F      G
               +--------+--------+--------+--------+--------+-----+--------+
         Total |   2879 |   2775 |    104 |     78 |   1890 |   6 |  479.8 |
       Dungeon |   2832 |   2728 |    104 |     43 |   1890 |   5 |  566.4 |
       Ossuary |     47 |     47 |      0 |     35 |      0 |   1 |   47.0 |
               +--------+--------+--------+--------+--------+-----+--------+

Top non-repeatable levels by time:
     D:2: 763 daAuts
     D:1: 733 daAuts
     D:4: 589 daAuts
     D:3: 503 daAuts
     D:5: 243 daAuts
 Ossuary: 47 daAuts
